 Dungeon Crawl Stone Soup version 0.19.0-11-g3fc08b3 (webtiles) character file.

298 Faca the Firebug (level 6, -2/42 HPs)
             Began as a Human Fire Elementalist on Nov 8, 2016.
             Slain by Blork the orc
             ... wielding a +0 trident
              (6 damage)
             ... on level 5 of the Dungeon.
             The game lasted 00:48:13 (4497 turns).

Faca the Firebug (Human Fire Elementalist)          Turns: 4497, Time: 00:48:14

Health: -2/42      AC:  8    Str:  9    XL:     6   Next: 62%
Magic:  16/26      EV: 13    Int: 19    God:    Xom [...*..]
Gold:   184        SH:  0    Dex: 13    Spells: 3 memorised, 5 levels left

rFire  + . .     SeeInvis .     w - staff of power
rCold  . . .     Gourm    .     s - +2 robe
rNeg   . . .     Faith    .     (no shield)
rPois  .         Spirit   .     (no helmet)
rElec  .         Reflect  .     (no cloak)
rCorr  .         Harm     .     c - +1 pair of gloves
MR     .....                    (no boots)
Stlth  ++++......               (no amulet)
                                (no ring)
                                f - +2 ring of protection

@: no status effects
A: camouflage 2, clever 1, fire resistance 1
a: Renounce Religion


You were on level 5 of the Dungeon.
You worshipped Xom.
You were a favourite toy of Xom.
You were not hungry.

You visited 1 branch of the dungeon, and saw 5 of its levels.

You collected 184 gold pieces.

Inventory:

Hand Weapons
 e - a +0 short sword
 t - a +0 long sword
Missiles
 d - 6 javelins (quivered)
 o - 51 arrows
Armour
 c - a +1 pair of gloves (worn)
 k - a cursed -1 robe
 s - a +2 robe (worn)
Magical Staves
 w - an uncursed staff of power (weapon)
Jewellery
 f - a +2 ring of protection (left hand)
Scrolls
 a - a scroll of random uselessness {unknown}
 h - a scroll of fear
 j - a scroll of enchant armour
 l - a scroll of enchant weapon {unknown}
 n - a scroll of remove curse
 r - 2 scrolls of recharging {unknown}
 u - 2 scrolls of immolation {unknown}
 y - a scroll of blinking {unknown}
Potions
 g - 2 potions of curing
 i - a potion of agility {unknown}
 p - 2 potions of haste
 z - a potion of degeneration {unknown}
Books
 b - a book of Flames

   Spells                             Type                      Level
   a - Flame Tongue                   Conjuration/Fire             1
   b - Throw Flame                    Conjuration/Fire             2
   c - Conjure Flame                  Conjuration/Fire             3
   d - Inner Flame                    Hexes/Fire                   3
   e - Sticky Flame                   Conjuration/Fire             4
   f - Fireball                       Conjuration/Fire             5
 q - a book of Cantrips

   Spells                             Type                      Level
   a - Confusing Touch                Hexes                        1
   b - Animate Skeleton               Necromancy                   1
   c - Summon Small Mammal            Summoning                    1
   d - Apportation                    Translocation                1
Comestibles
 m - a bread ration
 v - a slice of pizza
 x - 3 fruits


   Skills:
 + Level 0.6 Fighting
 + Level 1.3(1.5) Short Blades
 + Level 1.1(1.4) Long Blades
 + Level 0.2 Throwing
 + Level 3.0 Dodging
 + Level 2.6 Stealth
 + Level 3.3 Spellcasting
 + Level 2.2 Conjurations
 + Level 4.2 Fire Magic


You had 5 spell levels left.
You knew the following spells:

 Your Spells              Type           Power        Failure   Level  Hunger
a - Flame Tongue          Conj/Fire      ###..        4%          1    None
b - Throw Flame           Conj/Fire      ###...       8%          2    ##.....
c - Conjure Flame         Conj/Fire      ###.....     12%         3    ###....


Dungeon Overview and Level Annotations

Branches:
Dungeon (5/15)
 Temple: D:4-7

Altars:
Ashenzari
Trog
Xom

Annotations:
D:5 Blork the orc


Innate Abilities, Weirdness & Mutations

Your skin blends seamlessly with your surroundings (Stealth++).
Your mind is acute. (Int +2)
Your flesh is heat resistant. (rF+)


Message History

Blork the orc casts a spell at you. The puff of frost hits you!
* * * LOW HITPOINT WARNING * * *
Blork the orc casts a spell at you. The magic dart hits you!
* * * LOW HITPOINT WARNING * * *
Casting: Throw Flame
Confirm with . or Enter, or press ? or * to list all spells.
Aiming: Throw Flame
Press: ? - help, Shift-Dir - straight line, f/p - Blork the orc
Aim: Blork the orc, wielding a trident and wearing an embroidered robe (moderately wounded)
The puff of flame hits Blork the orc.
Blork the orc is heavily wounded.
Blork the orc hits you with a trident.
* * * LOW HITPOINT WARNING * * *
You closely miss Blork the orc.
Blork the orc is heavily wounded.
Blork the orc hits you with a trident.
You die...
Xom snickers!

,,,****,* **#.# *********
*,,,, ,,,, ,,,..# *,, ,,, *
*,,,** *,*,,*##.## *, **
*,* * **, * *,*,,##...##*
,* * * * *,* ,,, ,.....,,,,
*,* *, ** , ,...*** * * *
,* *** #.# *,* #. * ####
#.# ** * * #. , ,..# #@#
*,, * ##.#***#.# ##o## *
,,* #...####.#####...## * ,
* #.#........##.....##
***,* #.....##.#.#.......##
**,*, ##...>...#..........#
,,,***
##.................+,,,,,,,
,, ##...###..........#
*,,** * #...# #.#.......##
* ,* *


You could see Blork the orc.

Vanquished Creatures
  2 scorpions (D:4)
  An orc priest (D:3)
  4 worker ants
  An adder (D:3)
  A shadow imp (D:3)
  An ooze (D:1)
  A worm (D:3)
  3 leopard geckos
  2 orcs (D:3)
  3 giant cockroaches
  6 goblins
  6 hobgoblins
  3 jackals (D:4)
  5 bats
  6 frilled lizards
  6 kobolds
  A quokka skeleton (D:4)
  4 rats
56 creatures vanquished.

Notes
Turn   | Place    | Note
-------+----------+-------------------------------------------
     0 | D:1      | Faca the Human Fire Elementalist began the quest for the Orb.
     0 | D:1      | Reached XP level 1. HP: 13/13 MP: 3/3
   321 | D:1      | Reached XP level 2. HP: 19/19 MP: 1/5
   375 | D:1      | Learned a level 2 spell: Throw Flame
  1023 | D:1      | Reached XP level 3. HP: 14/24 MP: 0/6
  1168 | D:1      | Learned a level 3 spell: Conjure Flame
  1557 | D:2      | Found a faded altar of an unknown god.
  1830 | D:3      | Reached XP level 4. HP: 6/30 MP: 0/7
  2270 | D:3      | Reached skill level 4 in Fire Magic
  2609 | D:3      | Found a bloodstained altar of Trog.
  2609 | D:3      | Found a shimmering altar of Xom.
  2609 | D:3      | Found a shattered altar of Ashenzari.
  2625 | D:3      | Became a worshipper of Xom of Chaos
  2656 | D:3      | Reached XP level 5. HP: 28/35 MP: 5/9
  2682 | D:3      | XOM is BORED!
  2682 | D:3      | XOM: silly message
  3286 | D:4      | XOM: divination: detect items
  3288 | D:4      | XOM: potion effect (invisibility)
  3348 | D:4      | XOM: cloud trail
  3367 | D:4      | Reached skill level 1 in Short Blades
  3518 | D:4      | Reached XP level 6. HP: 3/41 MP: 6/10
  3518 | D:4      | HP: 2/41 [poisoned by a scorpion]
  3714 | D:4      | XOM: harmless Conj miscast
  4016 | D:4      | XOM: harmless Necr miscast
  4287 | D:4      | XOM: give mutations
  4287 | D:4      | Gained mutation: Your skin changes colour to match your surroundings (Stealth+). [Xom's grace]
  4287 | D:4      | Gained mutation: Your flesh is heat resistant. (rF+) [Xom's grace]
  4287 | D:4      | Gained mutation: Your mind is acute. (Int +2) [Xom's grace]
  4287 | D:4      | Gained mutation: Your skin blends seamlessly with your surroundings (Stealth++). [Xom's grace]
  4308 | D:4      | XOM: fake destruction
  4311 | D:4      | Reached skill level 1 in Long Blades
  4343 | D:4      | XOM: harmless Chrm miscast
  4419 | D:4      | XOM is BORED!
  4445 | D:5      | Entered Level 5 of the Dungeon
  4445 | D:5      | Noticed Blork the orc
  4447 | D:5      | XOM: cast spell 'Cause Fear'
  4493 | D:5      | XOM: divination: magic mapping
  4497 | D:5      | Slain by Blork the orc

Skill      XL: |  1  2  3  4  5  6 |
---------------+-------------------+-----
Fire Magic     | 4 |  4.2
Dodging        | 3 |  3.0
Spellcasting   | 3 |  3.3
Short Blades   | 1 |  1.3
Conjurations   | 2 |  2.2
Long Blades    | 1 |  1.1
Fighting       | |  0.6
Throwing       | |  0.2
Stealth        | |  2.6

Action                   |  1- 3 |  4- 6 || total
-------------------------+-------+-------++-------
Melee: Unarmed           |    17 |       ||    17
       Short sword       |     9 |    22 ||    31
       Long sword        |       |    20 ||    20
       Staff             |       |    11 ||    11
Throw: Javelin           |       |     6 ||     6
 Cast: Flame Tongue      |    36 |    52 ||    88
       Throw Flame       |     2 |    13 ||    15
  Use: Scroll            |       |     4 ||     4
       Potion            |       |     3 ||     3
  Eat: Bread ration      |     1 |     1 ||     2
       Meat ration       |       |     1 ||     1
Armor: Robe              |    12 |    26 ||    38
Dodge: Dodged            |    34 |    42 ||    76
       Rpst.: Long sword |       |     7 ||     7
